 Dungeon Sprint DCSS version 0.27.1-34-g3ba077fa99 (webtiles) character file.

Game seed: 11629830662200364309

56 boopmooplesden the Covered (level 5, -3/52 HPs)
             Began as a Minotaur Fighter on Jan 1, 2022.
             Was an Initiate of Okawaru.
             Slain by a rust devil (5 damage)
             ... in the Dungeon (Sprint VI: "Thunderdome").
             The game lasted 00:01:34 (237 turns).

boopmooplesden the Covered (Minotaur Fighter)        Turns: 237, Time: 00:01:35

Health: -3/52      AC: -14   Str: 17    XL:     5   Next: 1%
Magic:  4/4        EV: 12    Int: 10    God:    Okawaru [......]
Gold:   91         SH: 11    Dex: 15    Spells: 4/4 levels left

rFire    . . .     SeeInvis .   d - +2 scimitar (holy)
rCold    . . .     Faith    .   c - +0 kite shield
rNeg     + . .     Spirit   .   b - +0 scale mail
rPois    .         Reflect  .   (helmet restricted)
rElec    .         Harm     .   r - +0 cloak
rCorr    +         Rampage  .   (no gloves)
Will     +....     NoTele   +   (no boots)
Stlth    ..........             o - amulet of Xom's Sleight of Hands {Will+ Regen+ rCorr Slay+2}
HPRegen  1.17/turn              p - ring of Beogh's Castigation {EV+4 Int+7}
MPRegen  0.09/turn              q - ring "Rasimov" {rN+ AC+4 Str-3 Int-2 Dex+4}

@: corroded
A: horns 2, retaliatory headbutt
a: Renounce Religion


You were in the Dungeon.
You worshipped Okawaru.
Okawaru was noncommittal.
You visited 1 branch You collected 280 gold pieces.
You spent 189 gold pieces at shops.

Inventory:

Hand Weapons
 a - a +0 long sword
 d - a +2 scimitar of holy wrath (weapon)
Armour
 b - a +0 scale mail (worn)
 c - a +0 kite shield (worn)
 r - a +0 cloak (worn)
Jewellery
 o - the amulet of Xom's Sleight of Hands (around neck) {Will+ Regen+ rCorr Slay+2}
   (You bought it in a shop in the Dungeon)

   [amulet of regeneration]

   Slay:      It affects your accuracy & damage with ranged weapons and melee
   (+2).
   Regen:     It increases your rate of health regeneration.
   rCorr:     It protects you from acid and corrosion.
   Will:      It increases your willpower.
 p - the ring of Beogh's Castigation (left hand) {EV+4 Int+7}
   (You bought it in a shop in the Dungeon)

   [ring of evasion]

   EV:        It affects your evasion (+4).
   Int:       It affects your intelligence (+7).
 q - the ring "Rasimov" (right hand) {rN+ AC+4 Str-3 Int-2 Dex+4}
   (You bought it in a shop in the Dungeon)

   [ring of protection]

   AC:        It affects your AC (+4).
   Str:       It affects your strength (-3).
   Int:       It affects your intelligence (-2).
   Dex:       It affects your dexterity (+4).
   rN:        It protects you from negative energy.
Wands
 l - a wand of acid (5)
 m - a wand of iceblast (5)
Scrolls
 j - 4 scrolls of blinking
 n - 3 scrolls of fog
Potions
 e - a potion of curing
 f - 4 potions of heal wounds
 g - 4 potions of haste
 h - 2 potions of magic
 i - a potion of berserk rage
 k - a potion of resistance


   Skills:
 + Level 7.5 Fighting
 + Level 4.4 Long Blades
 + Level 7.6 Armour
 + Level 0.4 Dodging
 + Level 7.2 Shields


You had 4 spell levels left.
You didn't know any spells.
Your spell library was empty.

Dungeon Overview and Level Annotations

Branches:
Dungeon (1/1)

Altars:
Cheibriados
Dithmenos
Fedhas
Gozag
Kikubaaqudgha
Makhleb
Okawaru
Qazlal
Ru
Sif Muna
Trog
Uskayaw
Vehumet
Wu Jian
Xom
Yredelemnul
Zin
The Shining One
Beogh
Jiyva
Lugonu

Shops:
D *[??*?*:[((!!!!


Innate Abilities, Weirdness & Mutations

You have a pair of horns on your head.
You reflexively headbutt those who attack you in melee.


Message History

The rust devil is lightly wounded.
An iron imp comes into view.
Okay, then.
The iron imp shouts!
You hit the rust devil.
The rust devil convulses.
The rust devil is moderately wounded.
You block the rust devil's attack. The rust devil closely misses you.
You furiously retaliate!
You headbutt the rust devil, but do no damage.
You riposte.
You hit the rust devil.
The rust devil convulses.
The rust devil is heavily wounded.
An iron imp comes into view.
The iron imp shouts!
You hit the rust devil but do no damage.
The rust devil is heavily wounded.
The rust devil hits you! x2; The rust devil closely misses you.
You furiously retaliate!
You headbutt the rust devil, but do no damage.
You hit the rust devil but do no damage.
The rust devil is heavily wounded.
The rust devil hits you. The rust devil corrodes you! The rust devil hits you.
The rust devil corrodes you!
You hit the rust devil but do no damage.
You headbutt the rust devil, but do no damage.
The rust devil is heavily wounded.
You block the rust devil's attack. The rust devil hits you.
The rust devil corrodes you! The rust devil hits you. x2
* * * LOW HITPOINT WARNING * * *
You hit the rust devil but do no damage.
The rust devil is heavily wounded.
The rust devil barely misses you. x2; You furiously retaliate!
You headbutt the rust devil, but do no damage.
You hit the rust devil.
The rust devil convulses.
Your headbutt misses the rust devil.
The rust devil is heavily wounded.
The rust devil misses you. The rust devil hits you!
* * * LOW HITPOINT WARNING * * *
The rust devil corrodes you! You block the iron imp's attack.
The rust devil hits you.
You die...

#_..)...._#
###.........###
#⌠...........⌠#
######.8.........8.##
##.___..)...###......_
###∩......[.8.# #.8.....
##........5....###.......
#⌠....[.45..###...###....
#⌠......@...# #.<.# #....
#⌠.......4..###...###....
##.............###.......
###∩........8.# #.8.....
##∩___......###......_
######.8.........8.##
#⌠...........⌠#
###.........###
#........_#


You could see 2 rust devils and 2 iron imps.

Vanquished Creatures
  Blork the orc (D)
  2 orc priests (D)
  3 orcs (D)
  6 endoplasms (D)
12 creatures vanquished.

Notes
Turn   | Place    | Note
-------+----------+-------------------------------------------
     0 | D        | boopmooplesden the Minotaur Fighter began the quest for the
                  | Orb.
     0 | D        | Reached XP level 1. HP: 19/19 MP: 0/0
     3 | D        | Found a burning altar of Makhleb.
     3 | D        | Found a basalt altar of Yredelemnul.
     4 | D        | Found a shimmering altar of Xom.
     4 | D        | Found a corrupted altar of Lugonu.
     5 | D        | Found a glowing golden altar of the Shining One.
     5 | D        | Round 1.
     6 | D        | Found a glowing silver altar of Zin.
     6 | D        | Found a hide-covered altar of Uskayaw.
     6 | D        | Found Oqitwul's Identification Station.
     7 | D        | Found Piruvvups's Jewellery.
     7 | D        | Found Peroamm's Advanced Armour.
    15 | D        | Bought a heavily runed tin amulet for 45 gold pieces
    15 | D        | Identified the amulet of Xom's Sleight of Hands {Will+
                  | Regen+ rCorr Slay+2} (You bought it in a shop in the
                  | Dungeon)
    15 | D        | Bought a warped marble ring for 45 gold pieces
    15 | D        | Identified the ring of Beogh's Castigation {EV+4 Int+7}
                  | (You bought it in a shop in the Dungeon)
    15 | D        | Bought a transparent turquoise ring for 45 gold pieces
    15 | D        | Identified the ring "Rasimov" {rN+ AC+4 Str-3 Int-2 Dex+4}
                  | (You bought it in a shop in the Dungeon)
    22 | D        | Noticed Blork the orc
    24 | D        | Noticed an orc priest
    30 | D        | Killed Blork the orc
    30 | D        | Noticed an orc priest
    31 | D        | Reached XP level 2. HP: 12/30 MP: 1/1
    31 | D        | Reached XP level 3. HP: 15/37 MP: 2/2
    32 | D        | Reached XP level 4. HP: 20/45 MP: 3/3
    33 | D        | Found a blossoming altar of Fedhas.
    56 | D        | Found a snail-covered altar of Cheibriados.
    58 | D        | Found a stormy altar of Qazlal.
    58 | D        | Found an ancient bone altar of Kikubaaqudgha.
    58 | D        | Found an iron altar of Okawaru.
    58 | D        | Found Suefe's Premium Goods.
    58 | D        | Found Lootzob's Weapon Rack.
    59 | D        | Found Byiropp's Miscellaneous Merchandise.
    59 | D        | Found Qeeb's Basic Armour.
    62 | D        | Found a shadowy altar of Dithmenos.
    66 | D        | Became a worshipper of Warmaster Okawaru
    69 | D        | Bought a +0 cloak for 54 gold pieces
    79 | D        | Found a shimmering blue altar of Sif Muna.
    80 | D        | Found a viscous altar of Jiyva.
    80 | D        | Found Ypoycyeg's Do-It-Yourself Clinic.
    82 | D        | Found a bloodstained altar of Trog.
    82 | D        | Found a sacrificial altar of Ru.
    82 | D        | Found Ykar's Distillery.
    83 | D        | Found Ysturgh's Bottled Wisdom.
    83 | D        | Found Fyin's Distillery.
    86 | D        | Found a radiant altar of Vehumet.
    87 | D        | Found an opulent altar of Gozag.
    88 | D        | Found an ornate altar of the Wu Jian Council.
    89 | D        | Found Katuasch's Staff Store.
    89 | D        | Found Birajeb's Magic Scroll Shop.
    90 | D        | Found Udumel's Must-Have Magic.
    90 | D        | Found Dufot's Magic Scroll Shop.
    93 | D        | Arena points: 14 (+14) [x2]
   133 | D        | Round 2.
   164 | D        | Reached XP level 5. HP: 52/52 MP: 4/4
   174 | D        | Arena points: 56 (+42) [x3]
   213 | D        | Round 3.
   213 | D        | Noticed a rust devil
   227 | D        | Noticed a rust devil
   237 | D        | HP: 2/52 [rust devil (12)]
   237 | D        | Slain by a rust devil

Illustrated notes

Levels and vault maps discovered:
D:        arena_sprint

Skill      XL: |  1  2  3  4 |
---------------+-------------+-----
Fighting       | 6 7 |  7.5
Long Blades    | 3 4 |  4.4
Armour         | 6 7 |  7.6
Shields        | 6 7 |  7.2
Dodging        | |  0.4

Action                   |  1- 3 |  4- 6 || total
-------------------------+-------+-------++-------
Melee: Long sword        |     5 |     9 ||    14
       Headbutt          |     1 |     5 ||     6
       Scimitar          |       |    26 ||    26
  Use: Potion            |     1 |       ||     1
Armor: Scale mail        |       |     6 ||     6
Dodge: Dodged            |     1 |    15 ||    16
Block: Kite shield       |     2 |    14 ||    16
       Rpst.: Scimitar   |       |     2 ||     2
